 Dungeon Crawl Stone Soup version 0.26.0-10-g1f06aea511 (webtiles) character file.

Game seed: 6232650411403255930

2812 TrebMcFLY the Cleaver (level 10, -5/77 HPs)
             Began as a Formicid Fighter on Jan 16, 2021.
             Was an Initiate of Makhleb.
             Killed by divine providence
             ... invoked by an orc priest
              (13 damage)
             ... on level 9 of the Dungeon.
             The game lasted 00:20:08 (8654 turns).

TrebMcFLY the Cleaver (Formicid Fighter)            Turns: 8654, Time: 00:20:10

Health: -5/77      AC: 16    Str: 30    XL:     10   Next: 2%
Magic:  10/10      EV:  7    Int:  8    God:    Makhleb [......]
Gold:   472        SH: 18    Dex: 10    Spells: 9/9 levels left

rFire    + . .     SeeInvis +   a - +0 war axe
rCold    x . .     Faith    .   l - +1 tower shield
rNeg     . . .     Spirit   .   v - +0 chain mail
rPois    .         Reflect  .   (helmet unavailable)
rElec    .         Harm     .   r - +1 cloak
rCorr    .         Rampage  .   x - +0 pair of gloves
Will     +....                  t - +2 pair of boots
Stlth    ..........             (no amulet)
HPRegen  0.22/turn              n - ring of fire
MPRegen  0.12/turn              z - +6 ring of strength

@: no status effects
A: permanent stasis, dig shafts and tunnels, four strong arms, antennae 3
a: Dig, Shaft Self, Renounce Religion


You were on level 9 of the Dungeon.
You worshipped Makhleb.
Makhleb was noncommittal.
You visited 2 branches of the dungeon, and saw 10 of its levels.

You collected 472 gold pieces.

Inventory:

Hand Weapons
 a - a +0 war axe (weapon)
 i - a +1 scimitar of flaming
Missiles
 s - 4 silver boomerangs
 u - 10 boomerangs (quivered)
Armour
 l - a +1 tower shield (worn)
 q - +0 acid dragon scales
 r - a +1 cloak (worn)
 t - a +2 pair of boots (worn)
 v - a +0 chain mail (worn)
 x - a +0 pair of gloves (worn)
Jewellery
 n - a ring of fire (left hand)
 p - an uncursed ring of wizardry
 z - a +6 ring of strength (right hand)
Wands
 f - a wand of paralysis (6)
 o - a wand of flame (20)
Scrolls
 j - 6 scrolls of magic mapping
 k - 5 scrolls of remove curse
 w - a scroll of amnesia {unknown}
 y - 2 scrolls of enchant armour
 A - 2 scrolls of vulnerability {unknown}
Potions
 b - a potion of brilliance {unknown}
 d - 3 potions of might
 e - 3 potions of heal wounds
 g - 3 potions of invisibility
 m - 4 potions of curing


   Skills:
 + Level 6.8 Fighting
 * Level 9.1 Axes
 + Level 5.4 Armour
 + Level 3.4 Dodging
 + Level 6.2 Shields
 + Level 3.4 Evocations


You had 9 spell levels left.
You didn't know any spells.
Your spell library contained the following spells:

 Spells                   Type           Power        Failure   Level
 Animate Skeleton         Necr           0%           100%        1
 Apportation              Tloc           0%           100%        1
 Corona                   Hex            0%           100%        1
 Summon Small Mammal      Summ           0%           100%        1


Dungeon Overview and Level Annotations

Branches:
Dungeon (9/15)             Temple (1/1) D:7
   Lair: D:8-11         Orc: D:9-12

Altars:
Ashenzari
Cheibriados
Dithmenos
Elyvilon
Fedhas
Gozag
Hepliaklqana
Kikubaaqudgha
Makhleb
Nemelex Xobeh
Okawaru
Qazlal
Ru
Sif Muna
Trog
Uskayaw
Vehumet
Xom
Yredelemnul
Zin
The Shining One

Annotations:
D:6 1 runed translucent door, qborf's ghost, amateur DETm
D:8 Gastronok; Pikel


Innate Abilities, Weirdness & Mutations

You cannot be hasted, slowed, berserked, paralysed or teleported.
You can dig through walls and to a lower floor.
Your four strong arms can wield two-handed weapons with a shield.
You have a pair of large antennae on your head. (SInv)


Message History

Your shield and chain mail prevent you from hitting the shadow imp.
The shadow imp barely misses you.
You barely miss the shadow imp. You block the shadow imp's attack.
You hit the shadow imp.
The shadow imp is heavily wounded.
The shadow imp gestures at you. Pain shoots through your body!
* * * LOW HITPOINT WARNING * * *
The orc priest looks encouraged for a moment.
You barely miss the shadow imp.
The shadow imp is heavily wounded.
You block the shadow imp's attack.
The orc priest looks encouraged for a moment.
You slash the shadow imp!
You kill the shadow imp!
Makhleb accepts your kill.
A jelly comes into view.
The orc priest mumbles some strange prayers to Beogh against you.
Beogh smites you!
You die...

....# #######...
.......... .........#
.........# ##
......... .. #
........### .#...
..........#####.[../.
....z.J.....o@.......
........###.###.....#
........# #..# ....#
........# ..... ....
...#####..###### ...
##. { .# .. # {.. .
.5


You could see a jelly (wandering) and an orc priest.

Vanquished Creatures
  Maggie (D:8)
  A water moccasin (D:7)
  2 phantoms
  An orc warrior (D:6)
  2 ice beasts
  4 ogres
  2 lemures (D:7)
  2 bullfrogs
  A wyvern zombie (D:7)
  3 scorpions
  6 killer bees (D:8)
  3 wights (D:9)
  4 howler monkeys
  A crimson imp (D:8)
  2 bullfrog zombies
  A jelly (D:5)
  3 hounds
  An orc wizard (D:9)
  4 iguanas
  2 worker ants
  A killer bee zombie (D:6)
  The ghost of Dracia the Covert, a weakling GnDe (D:4)
  2 bullfrog simulacra (D:4)
  A hound skeleton (D:5)
  A worker ant zombie (D:8)
  A howler monkey skeleton (D:7)
  3 gnolls
  10 adders
  2 shadow imps
  A worker ant simulacrum (D:4)
  An ufetubus (D:7)
  An ooze (D:1)
  An adder zombie (D:2)
  6 worms
  The ghost of Dracia the Covert, a weakling GnDe (D:5)
  2 dart slugs (D:4)
  4 leopard geckos
  12 orcs
  5 bats
  4 giant cockroaches
  6 goblins
  10 hobgoblins
  11 jackals
  3 kobolds
  7 quokkas
  2 ball pythons
  3 frilled lizards
  3 leopard gecko skeletons
  A quokka simulacrum (D:4)
  13 rats
165 creatures vanquished.

Vanquished Creatures (others)
  7 plants (D:2)
7 creatures vanquished.

Grand Total: 172 creatures vanquished

Notes
Turn   | Place    | Note
-------+----------+-------------------------------------------
     0 | D:1      | TrebMcFLY the Formicid Fighter began the quest for the Orb.
     0 | D:1      | Reached XP level 1. HP: 18/18 MP: 1/1
    99 | D:1      | Reached XP level 2. HP: 24/24 MP: 2/2
   362 | D:1      | Reached skill level 3 in Axes
   375 | D:1      | Reached XP level 3. HP: 29/29 MP: 3/3
  1264 | D:2      | Reached skill level 4 in Axes
  1264 | D:2      | Reached XP level 4. HP: 33/35 MP: 4/4
  1581 | D:2      | Found a hazy altar of Hepliaklqana.
  1582 | D:2      | Found a shadowy altar of Dithmenos.
  1582 | D:2      | Noticed a shadow
  1742 | D:2      | Noticed a moth of wrath
  1744 | D:2      | Found a bloodstained altar of Trog.
  2040 | D:3      | Found a snail-covered altar of Cheibriados.
  2040 | D:3      | Found a shimmering altar of Xom.
  2300 | D:3      | Found a glowing golden altar of the Shining One.
  2345 | D:3      | Reached XP level 5. HP: 39/41 MP: 5/5
  2543 | D:4      | Noticed an ogre
  2623 | D:4      | Noticed an ice beast
  2631 | D:4      | Found a runed translucent gate.
  2631 | D:4      | Found a runed translucent gate.
  2631 | D:4      | Found a runed translucent gate.
  2685 | D:4      | Reached skill level 5 in Axes
  3158 | D:4      | Reached XP level 6. HP: 48/48 MP: 6/6
  3297 | D:4      | Reached skill level 6 in Axes
  3420 | D:4      | Noticed an ogre
  3484 | D:5      | Entered Level 5 of the Dungeon
  3719 | D:5      | Found a broken altar of Ashenzari.
  3722 | D:5      | Noticed an ogre
  3755 | D:5      | Found a runed translucent door.
  3757 | D:5      | Noticed Dracia's ghost (weakling GnDe)
  3821 | D:5      | Noticed an ice beast
  3836 | D:5      | Killed an ice beast
  3837 | D:5      | Reached XP level 7. HP: 55/55 MP: 7/7
  4131 | D:5      | Reached skill level 5 in Fighting
  4131 | D:5      | Reached skill level 7 in Axes
  4357 | D:5      | Found an iron altar of Okawaru.
  4357 | D:5      | Found a stormy altar of Qazlal.
  4358 | D:5      | Found a broken altar of Ashenzari.
  4923 | D:5      | Reached XP level 8. HP: 62/62 MP: 8/8
  4941 | D:5      | Killed Dracia's ghost
  5163 | D:4      | Reached skill level 1 in Dodging
  5336 | D:4      | Noticed Dracia's ghost (weakling GnDe)
  5390 | D:4      | Killed Dracia's ghost
  5733 | D:6      | Reached skill level 1 in Evocations
  5972 | D:6      | Reached skill level 8 in Axes
  6049 | D:6      | Found a sparkling altar of Nemelex Xobeh.
  6335 | D:6      | Found a hide-covered altar of Uskayaw.
  6352 | D:6      | Found a runed translucent door.
  6353 | D:6      | Found a shimmering altar of Xom.
  6353 | D:6      | Noticed qborf's ghost (amateur DETm)
  6353 | D:6      | Noticed a +0 short sword of chaos
  6694 | D:7      | Reached skill level 5 in Shields
  6694 | D:7      | Reached XP level 9. HP: 69/69 MP: 9/9
  6700 | D:7      | Found a staircase to the Ecumenical Temple.
  6710 | Temple   | Entered the Ecumenical Temple
  7727 | D:8      | Reached skill level 5 in Armour
  8100 | D:8      | Noticed Gastronok
  8257 | D:8      | Noticed Maggie
  8289 | D:8      | Killed Maggie
  8290 | D:8      | Reached skill level 9 in Axes
  8455 | D:8      | Found a radiant altar of Vehumet.
  8456 | D:8      | Found a burning altar of Makhleb.
  8462 | D:8      | Became a worshipper of Makhleb the Destroyer
  8495 | D:8      | Noticed Pikel
  8625 | D:9      | Reached XP level 10. HP: 51/76 MP: 10/10
  8654 | D:9      | Killed from afar by an orc priest

Illustrated notes

Levels and vault maps discovered:
D:1:      elethiomel_arrival_shortcut, layout_basic, serial_aquarium,
          aquarium_bridge_long_joined [aquarium_subvault_balcony,
          aquarium_subvault_wall, aquarium_subvault_wall,
          aquarium_subvault_wall, aquarium_subvault_bridge,
          aquarium_subvault_wall], aquarium_window_fake, aquarium_window_1,
          aquarium_window_corner, aquarium_window_fake, aquarium_view_2d,
          aquarium_pool_four, amcnicky_mini_rare_corridor_liquid,
          kennysheep_decorative_pillar, minmay_domino_4
D:2:      layout_rooms, riverfiend_overflow_shadow_ancestor, tgw_trog,
          chequers_big_river, grunt_decor_mini_mirrors, minmay_misc_feat_x
D:3:      layout_rooms, gammafunk_temple_overflow_pools,
          nicolae_tso_carved_into_rock
D:4:      minmay_angry_zag, layout_loops_cross, gammafunk_ghost_icy,
          minmay_diced_spiral
D:5:      wad_crossroads, layout_basic, gammafunk_temple_overflow_forgotten,
          ebering_ghost_sewer_d, minmay_misc_feat_doors,
          nicolae_ashenzari_panopticon
D:6:      layout_loops_ring, nemelex_xobeh_ov_fountains_minmay, basic_altar,
          ebering_ghost_xom, chequers_serial_rivers_large_b
D:7:      layout_basic, minmay_temple_entry_drinking_statues
D:8:      layout_cave_pools, grunt_temple_overflow_lords_of_destruction,
          old_standard_altar, uniq_maggie, uniq_pikel, uniq_joseph,
          uniq_gastronok
D:9:      layout_rooms, hellmonk_ghost_happy_afterlife
Temple:   compressed_dpeg_circular_temple

Skill      XL: |  1  2  3  4  5  6  7  8  9 |
---------------+----------------------------+-----
Axes           | 3 4 5 6 7 8 9 |  9.1
Fighting       | 4 5 6 |  6.8
Dodging        | 2 3 |  3.4
Shields        | 5 6 |  6.2
Armour         | 4 5 |  5.4
Evocations     | 1 3 |  3.4

Action                   |  1- 3 |  4- 6 |  7- 9 | 10-12 || total
-------------------------+-------+-------+-------+-------++-------
Melee: War axe           |   109 |   216 |   418 |    30 ||   773
Throw: Boomerang         |       |     1 |    24 |       ||    25
  Use: Potion            |     1 |       |     1 |       ||     2
       Scroll            |       |     4 |     7 |       ||    11
Armor: Scale mail        |    54 |    46 |       |       ||   100
       Chain mail        |       |    72 |   124 |     5 ||   201
       Skin              |       |       |    37 |       ||    37
Dodge: Dodged            |    29 |    50 |    47 |     4 ||   130
Block: Kite shield       |    53 |    75 |       |       ||   128
       Tower shield      |       |    33 |   367 |    15 ||   415
